 Dungeon Crawl Stone Soup version 0.27-a0-54-g64bdb92e38 (webtiles) character file.

Game seed: 2229220015984944705

279 sideus8 the Chiller (level 6, -6/33 HPs)
             Began as a Deep Elf Ice Elementalist on Jan 7, 2021.
             Mangled by Grinder (8 damage)
             ... while paralysed by Grinder
             ... on level 3 of the Dungeon.
             The game lasted 00:07:25 (2758 turns).

sideus8 the Chiller (Deep Elf Ice Elementalist)     Turns: 2758, Time: 00:07:25

Health: -6/33      AC:  2    Str:  5    XL:     6   Next: 5%
Magic:  15/16      EV:  2    Int: 22    God:
Gold:   168        SH:  0    Dex: 15    Spells: 1/16 levels left

rFire    + . .     SeeInvis .   (no weapon)
rCold    x . .     Faith    .   (no shield)
rNeg     . . .     Spirit   .   a - +0 robe
rPois    .         Reflect  .   (no helmet)
rElec    .         Harm     .   (no cloak)
rCorr    .         Rampage  .   (no gloves)
Will     .....                  (no boots)
Stlth    ++........             b - amulet of magic regeneration
HPRegen  0.11/turn              j - ring of fire
MPRegen  0.40/turn              (no ring)

@: paralysed, hasted
A: no striking features
a: no special abilities


You were on level 3 of the Dungeon.
You visited 1 branch of the dungeon, and saw 3 of its levels.

You collected 168 gold pieces.

Inventory:

Armour
 a - a +0 robe (worn)
 f - a +0 helmet
Jewellery
 b - an amulet of magic regeneration (around neck)
 j - a ring of fire (left hand)
 l - an uncursed amulet of regeneration
Scrolls
 c - a scroll of noise {unknown}
 d - 5 scrolls of remove curse {unknown}
 e - a scroll of identify {unknown}
 g - 2 scrolls of immolation {unknown}
 h - a scroll of teleportation {unknown}
 k - 3 scrolls of enchant weapon {unknown}
 o - a scroll of enchant armour {unknown}
 p - a scroll of magic mapping {unknown}
Potions
 n - a potion of cancellation {unknown}


   Skills:
 + Level 0.4 Fighting
 + Level 3.1 Dodging
 + Level 2.8 Stealth
 + Level 5.8 Spellcasting
 + Level 6.3 Ice Magic


You had one spell level left.
You knew the following spells:

 Your Spells              Type           Power        Failure   Level
a - Freeze                Ice            100%         1%          1
b - Frozen Ramparts       Ice            68%          1%          3
c - Ozocubu's Armour      Ice            34%          1%          3
d - Hailstorm             Conj/Ice       20%          26%         4
e - Summon Ice Beast      Ice/Summ       20%          24%         4

Your spell library contained the following spells:

 Spells                   Type           Power        Failure   Level


Dungeon Overview and Level Annotations

Branches:
Dungeon (3/15)

Altars:
Nemelex Xobeh
Uskayaw

Annotations:
D:3 Grinder


Message History

Casting: Freeze (safe; 1% risk of failure)
Confirm with . or Enter, or press ? or * to list all spells.
Aiming: Freeze (safe; 1% risk of failure)
Press: ? - help, Shift-Dir - straight line, f/p - Grinder
Aim: Grinder (lightly wounded) Grinder resists.
You freeze Grinder.
Grinder is lightly wounded.
Grinder hits you.
* * * LOW HITPOINT WARNING * * *
You writhe in agony.
* * * LOW HITPOINT WARNING * * *
It was a potion of haste.
You feel yourself speed up. Grinder gestures at you.
You suddenly lose the ability to move!
Grinder says, "There's only one good use for a tongue: cutting it out."
Grinder gestures at you.
You struggle to resist.
Grinder says, "My boss said I was rubbish.
His entrails said otherwise."
Grinder hits you!
You die...

#...#### #.#....#
#..####.### #.#
#..(#### # ..
###....##.# #.#
####....# ..
#....#..#..
#.5.......#
####@...#......
###.......##.####
#..)...$### >#
#..?..._.# .
#.?........# .
.......⌠..[.# ..
..[.........#
....._.....##
..#....|...#


You could see Grinder.

Vanquished Creatures
  Sigmund (D:2)
  3 gnolls (D:2)
  4 adders
  3 dart slugs
  2 leopard geckos
  4 bats
  6 giant cockroaches
  6 goblins
  3 hobgoblins
  9 kobolds
  A quokka (D:2)
  4 frilled lizards
  6 rats
52 creatures vanquished.

Vanquished Creatures (collateral kills)
  A rat (D:2)
1 creature vanquished.

Grand Total: 53 creatures vanquished

Notes
Turn   | Place    | Note
-------+----------+-------------------------------------------
     0 | D:1      | sideus8 the Deep Elf Ice Elementalist began the quest for
                  | the Orb.
     0 | D:1      | Reached XP level 1. HP: 10/10 MP: 6/6
   451 | D:1      | Reached XP level 2. HP: 15/15 MP: 6/8
   804 | D:1      | Reached skill level 5 in Ice Magic
  1321 | D:1      | Reached XP level 3. HP: 19/19 MP: 7/10
  1325 | D:1      | Learned a level 3 spell: Frozen Ramparts
  1329 | D:1      | Learned a level 3 spell: Ozocubu's Armour
  1797 | D:2      | Reached XP level 4. HP: 11/24 MP: 3/12
  1824 | D:2      | Noticed Sigmund
  1880 | D:2      | Killed Sigmund
  1881 | D:2      | Reached skill level 5 in Spellcasting
  1881 | D:2      | Reached skill level 6 in Ice Magic
  1881 | D:2      | Reached XP level 5. HP: 11/28 MP: 3/15
  2085 | D:2      | Learned a level 4 spell: Hailstorm
  2090 | D:2      | Learned a level 4 spell: Summon Ice Beast
  2539 | D:2      | Reached XP level 6. HP: 33/33 MP: 14/16
  2739 | D:3      | Found a sparkling altar of Nemelex Xobeh.
  2741 | D:3      | Noticed Grinder
  2742 | D:3      | Found a hide-covered altar of Uskayaw.
  2755 | D:3      | HP: 1/33 [Grinder (4)]
  2756 | D:3      | Paralysed by Grinder for 5 turns
  2758 | D:3      | Mangled by Grinder

Illustrated notes

Levels and vault maps discovered:
D:1:      lightli_arrival_windingriver, layout_basic
D:2:      layout_basic, kennysheep_another_room, uniq_sigmund
D:3:      layout_rooms, grunt_temple_overflow_open, fiery_altar_vehumet,
          uniq_grinder, uniq_natasha

Skill      XL: |  1  2  3  4 |
---------------+-------------+-----
Ice Magic      | 5 6 |  6.3
Spellcasting   | 4 5 |  5.8
Dodging        | 3 |  3.1
Fighting       | |  0.4
Stealth        | |  2.8

Action                   |  1- 3 |  4- 6 || total
-------------------------+-------+-------++-------
Melee: Unarmed           |     4 |     6 ||    10
 Cast: Freeze            |    54 |    35 ||    89
       Frozen Ramparts   |       |     2 ||     2
       Ozocubu's Armour  |       |     1 ||     1
       Summon Ice Beast  |       |     1 ||     1
  Use: Potion            |       |     4 ||     4
Armor: Robe              |     9 |     7 ||    16
Dodge: Dodged            |    32 |    28 ||    60

Table legend: (Time is in decaauts)
 A = Elapsed time spent in this place.
 B = Non-inter-level travel time spent in this place.
 C = Inter-level travel time spent in this place.
 D = Time resting spent in this place.
 E = Time spent auto-exploring this place.
 F = Levels seen in this place.
 G = Mean time per level.
                   A        B        C        D        E       F      G
               +--------+--------+--------+--------+--------+-----+--------+
         Total |   2757 |   2757 |      0 |    478 |   1486 |   3 |  919.0 |
       Dungeon |   2757 |   2757 |      0 |    478 |   1486 |   3 |  919.0 |
               +--------+--------+--------+--------+--------+-----+--------+

Top non-repeatable levels by time:
     D:1: 1401 daAuts
     D:2: 1263 daAuts
     D:3: 92 daAuts
